 Zot Defence DCSS version 0.15.2 (webtiles) character file.

147405 FakerFangirl the Arsonist (level 16, -4/64 (118) HPs)
             Began as a Naga Fire Elementalist on July 13, 2015.
             Was the Champion of Sif Muna.
             Killed by divine providence
             ... invoked by Saint Roka
              (12 damage)
             ... in the Realm of Zot (Scenario I: Hall of Zot) on July 24, 2015.
             The game lasted 03:28:50 (3685 turns).

FakerFangirl the Arsonist (Naga Fire Elementalist)  Turns: 3685, Time: 03:29:11

HP  -4/64 (118)  AC 10     Str 11      XL: 16   Next: 33%
MP  11/37        EV  7     Int 22      God: Sif Muna [******]
Gold 0           SH  6     Dex 12      Spells:  9 memorised, 13 levels left

rFire  . . .     SeeInvis +     o - +3 long sword (holy)
rCold  . . .     Clarity  .     H - +0 robe
rNeg   . . .     rCorr    .     q - +0 shield {reflect}
rPois  +         rRot     .     (no helmet)
rElec  .         Spirit   .     A - +2 cloak {+Inv}
SustAb .         Warding  .     B - +0 pair of gloves
rMut   .         Stasis   .     (no barding)
Gourm  .                        (no amulet)
MR     ++...                    (no ring)
                                (no ring)

@: very slightly contaminated, hasted, quick, very resistant to hostile
enchantments, unstealthy
A: spit poison, constrict 1, see invisible, deformed body, poison resistance,
slowness 2, AC +5
a: Make oklob sapling, Make arrow trap, Make plant, Remove Curse, Make burning
bush, Make altar, Make grenades, Make oklob plant, Make net trap, Make ice
statue, Make spear trap, Make alarm trap, Make mushroom circle, Make bolt trap,
Make crystal statue, Make needle trap, Zot-teleport, Spit Poison, Channel
Energy, Forget Spell, Renounce Religion, Evoke Invisibility
}: 3/15 runes: slimy, obsidian, magical


You were in the Realm of Zot.
You worshipped Sif Muna.
Sif Muna was exalted by your worship.
You were not hungry.

You visited 1 branch

Inventory:

Hand weapons
 e - a +1 arbalest of flaming
 k - a +0 short sword
 l - a +0 blowgun
 n - a +0 dagger
 o - a +3 long sword of holy wrath (weapon)
 t - a +1 trident of protection
 u - a +1 whip of electrocution
 w - a cursed -1 falchion
 z - a +3 cutlass of electrocution
 C - a +0 shortbow
 F - a +0 dagger of venom
Missiles
 i - 4 bolts of flame
 j - 4 throwing nets (quivered)
 m - 21 poisoned needles
 s - 49 bolts
 v - 2 poisoned arrows
 D - 6 arrows of frost
 G - 9 stones
 J - 48 arrows
Armour
 p - a +0 chain mail
 q - a +0 shield of reflection (worn)
 A - a +2 cloak of darkness (worn)
 B - a +0 pair of gloves (worn)
 E - a +0 robe
 H - a +0 robe (worn)
 I - a +0 robe
 K - a +0 robe
Comestibles
 d - a bread ration
Potions
 g - a potion of magic
 h - a potion of berserk rage
Books
 a - Sif Muna's Disquisition on Fire and Arcane Weapons
   (Sif Muna gifted it to you in the Realm of Zot)

   Spells                             Type                      Level
   *Flame Tongue                      Conjuration/Fire             1
   Ring of Flames                     Charms/Fire                  7
   *Delayed Fireball                  Conjuration/Fire             7
 b - a book of Flames

   Spells                             Type                      Level
   *Flame Tongue                      Conjuration/Fire             1
   *Throw Flame                       Conjuration/Fire             2
   *Conjure Flame                     Conjuration/Fire             3
   Inner Flame                        Hexes/Fire                   3
   *Sticky Flame                      Conjuration/Fire             4
   *Fireball                          Conjuration/Fire             5
 r - Sif Muna's Disquisition on Congealing Attacks
   (Sif Muna gifted it to you in the Realm of Zot)

   Spells                             Type                      Level
   Sting                              Conjuration/Poison           1
   Throw Frost                        Conjuration/Ice              2
   *Stone Arrow                       Conjuration/Earth            3
   Throw Icicle                       Conjuration/Ice              4
   *Force Lance                       Conjuration                  5
 x - Jyleup's Grimoire of Mutagenic Heat
   (Sif Muna gifted it to you in the Realm of Zot)

   Spells                             Type                      Level
   Beastly Appendage                  Transmutation                1
   *Conjure Flame                     Conjuration/Fire             3
   Inner Flame                        Hexes/Fire                   3
   Spider Form                        Transmutation/Poison         3
   *Fireball                          Conjuration/Fire             5
   Ignite Poison                      Fire/Transmutation           5
 L - Sif Muna's Grimoire of the Rocks
   (Sif Muna gifted it to you in the Realm of Zot)

   Spells                             Type                      Level
   *Bolt of Magma                     Conjuration/Fire/Earth       5
   Lee's Rapid Deconstruction         Earth                        5
   Iron Shot                          Conjuration/Earth            6
 M - Lehudib's Volume of Arcane Weapons
   (Sif Muna gifted it to you in the Realm of Zot)

   Spells                             Type                      Level
   Dazzling Spray                     Conjuration/Hexes            3
   Throw Icicle                       Conjuration/Ice              4
   Poison Arrow                       Conjuration/Poison           6
   Orb of Destruction                 Conjuration                  7


   Skills:
 + Level 1.3 Fighting
 - Level 0.8 Short Blades
 - Level 2.4 Dodging
 - Level 3.0 Stealth
 + Level 14.4 Spellcasting
 + Level 13.0 Conjurations
 + Level 14.9 Fire Magic
 + Level 4.0 Earth Magic
 + Level 13.4 Invocations
 + Level 0.2 Evocations


You had 13 spell levels left.
You knew the following spells:

 Your Spells              Type           Power        Failure   Level  Hunger
a - Flame Tongue          Conj/Fire      #####        1%          1    None
b - Throw Flame           Conj/Fire      ######       1%          2    None
c - Conjure Flame         Conj/Fire      ######..     1%          3    None
d - Sticky Flame          Conj/Fire      ######..     1%          4    None
e - Fireball              Conj/Fire      ######....   1%          5    ##.....
f - Stone Arrow           Conj/Erth      ######       2%          3    None
g - Delayed Fireball      Conj/Fire      N/A          73%         7    ######.
h - Bolt of Magma         Conj/Fire/Erth ######....   12%         5    ##.....
i - Force Lance           Conj           ######..     3%          5    ##.....


Dungeon Overview and Level Annotations

Branches:
    Zot (1/1)

Altars:
Sif Muna

Annotations:
Zot Saint Roka


Innate Abilities, Weirdness & Mutations

You cannot wear boots.
You can spit poison.
You can use your snake-like lower body to constrict enemies.
Your serpentine skin is tough (AC +5).
You have supernaturally acute eyesight.
Armour fits poorly on your strangely shaped body.
Your system is resistant to poisons.
You cover ground very slowly.


Message History

Saint Roka hits your burning bush with a runed battleaxe!
Your burning bush is destroyed!
Saint Roka hits your fungus with a runed battleaxe!
Saint Roka hits your ice beast with a runed battleaxe!
Your ice beast dies!
Saint Roka hits your fungus with a runed battleaxe!
Your fungus is destroyed!
Saint Roka hits your fungus with a runed battleaxe!!
Saint Roka hits your fungus with a runed battleaxe!
You feel a bit more experienced.
Use which ability? (? or * to list)
Okay, then.
Use which ability? (? or * to list) Make oklob plant where?
Press: ? - help, Dir - move target cursor, p - Saint Roka A rhizome shoots up through the ground and merges with vitriolic spirits in the atmosphere.
You feel a bit more experienced. x2
Saint Roka mumbles some strange prayers to Beogh against your burning bush.
Something smites you!
You die...

.▓▓▓▓ ▓▓▓▓....... ....▓▓▓
▓▓▓.......... ......▓▓
▓▓............ .......▓ ▓▓▓▓▓▓▓▓▓
▓.............
.......▓▓▓.P.8.P.▓▓▓.............
.....P.▓▓P.P.8Y(((▓▓.......(.....
.......▓P.PoYPY....▓((.(.........
...)oP..^^PPPP..^^^^)P...P.......
.o..h.(▓P....P..@..▓^).....%..P..
.....^.▓▓..P.8.P.)▓▓)^.....%...PP
PP..Z..▓▓▓PP...PP▓▓▓..^........P.
.P.^.)P# ▓▓▓▓▓▓▓▓▓ #...^.....).PP
PP^..P## ##...^........ .^.P###
###..^....... ^#### ####.....(.
###### ############ ^^^VZ###
###PPPPP......


You could see Saint Roka, 3 friendly ice statues, 6 friendly oklob plants, 3
friendly burning bushes, 3 friendly ice beasts and 4 friendly oklob saplings.

Vanquished Creatures
  Nikola (Zot)
  Donald (Zot)
  A hydra (Zot)
  2 death yaks (Zot)
  A centaur warrior (Zot)
  A hill giant (Zot)
  An unseen horror (Zot)
  6 ugly things (Zot)
  A griffon (Zot)
  A cyclops (Zot)
  2 ugly thing skeletons (Zot)
  A manticore (Zot)
  A stone giant skeleton (Zot)
  A troll (Zot)
  2 centaur skeletons (Zot)
  4 death yak zombies (Zot)
  2 freezing wraiths (Zot)
  A griffon zombie (Zot)
  A yak (Zot)
  A black mamba zombie (Zot)
  A deep elf mage (Zot)
  An ettin skeleton (Zot)
  A wraith (Zot)
  3 vampires (Zot)
  A hill giant zombie (Zot)
  A vampire mosquito (Zot)
  A hippogriff (Zot)
  3 nagas (Zot)
  An ogre zombie (Zot)
  A warg (Zot)
  An ice beast (Zot)
  A water moccasin (Zot)
  A black bear (Zot)
  A spiny frog zombie (Zot)
  An elephant zombie (Zot)
  An orc warrior (Zot)
  A boggart (Zot)
  A boring beetle (Zot)
  Sigmund (Zot)
  A giant frog (Zot)
  2 jellies (Zot)
  A troll skeleton (Zot)
  A porcupine zombie (Zot)
  A gnoll shaman (Zot)
  2 iguanas (Zot)
  4 worker ants (Zot)
  2 green rats (Zot)
  2 shadow imps (Zot)
  A worm (Zot)
  2 sheep zombies (Zot)
  2 oozes (Zot)
  A bat (Zot)
  A green rat zombie (Zot)
  3 hobgoblins (Zot)
  2 jackals (Zot)
  A quokka (Zot)
  A goblin (Zot)
  A goblin zombie (Zot)
  A kobold (Zot)
  2 kobold zombies (Zot)
  2 fungi (Zot)
91 creatures vanquished.

Vanquished Creatures (collateral kills)
  Polyphemus (Zot)
  7 very ugly things (Zot)
  A centaur warrior (Zot)
  A spectral stone giant (Zot)
  18 death yaks (Zot)
  A catoblepas (Zot)
  A wizard (Zot)
  A mermaid (Zot)
  An elephant (Zot)
  Pikel (Zot)
  5 hill giants (Zot)
  A necromancer (Zot)
  28 ugly things (Zot)
  2 spiny frogs (Zot)
  3 wolf spiders (Zot)
  2 red wasps (Zot)
  A troll (Zot)
  2 griffons (Zot)
  3 oklob plants (Zot)
  3 ugly thing skeletons (Zot)
  A mana viper (Zot)
  A cyclops (Zot)
  A vault sentinel (Zot)
  An efreet (Zot)
  2 centaur zombies (Zot)
  A spectral hill giant (Zot)
  4 yaktaurs (Zot)
  A black mamba (Zot)
  2 tormentors (Zot)
  A smoke demon (Zot)
  7 death yak zombies (Zot)
  2 burning bushes (Zot)
  A wind drake (Zot)
  A merfolk (Zot)
  A hydra zombie (Zot)
  2 blink frogs (Zot)
  A polar bear (Zot)
  2 two-headed ogres (Zot)
  Prince Ribbit (Zot)
  20 slime creatures (Zot)
  A red wasp zombie (Zot)
  3 wyverns (Zot)
  4 vampires (Zot)
  A griffon zombie (Zot)
  A freezing wraith (Zot)
  A stone giant simulacrum (Zot)
  A centaur simulacrum (Zot)
  A hill giant zombie (Zot)
  A hippogriff (Zot)
  A hippogriff (shapeshifter) (Zot)
  3 vampire mosquitoes (Zot)
  3 neqoxecs (Zot)
  A soldier ant (Zot)
  A swamp drake (Zot)
  2 yaks (Zot)
  2 human zombies (Zot)
  A porcupine (Zot)
  Purgy (Zot)
  A black bear (Zot)
  An orc warrior (Zot)
  A manticore zombie (Zot)
  8 ice beasts (Zot)
  An orc zombie (Zot)
  20 boggarts (Zot)
  2 ogres (Zot)
  A sky beast (Zot)
  3 phantoms (Zot)
  7 centaurs (Zot)
  A yellow wasp (Zot)
  A crocodile (Zot)
  3 big kobolds (Zot)
  A spectral boulder beetle (Zot)
  Blork the orc (Zot)
  3 scorpions (Zot)
  A jelly (Zot)
  2 gnoll sergeants (Zot)
  6 giant frogs (Zot)
  A cyclops skeleton (Zot)
  2 oklob saplings (Zot)
  A boulder beetle zombie (Zot)
  5 wights (Zot)
  3 goliath beetles (Zot)
  3 crimson imps (Zot)
  2 quasits (Zot)
  2 gnoll shamans (Zot)
  A black bear zombie (Zot)
  2 orc priests (Zot)
  4 orc wizards (Zot)
  2 hounds (Zot)
  5 iguanas (Zot)
  7 worker ants (Zot)
  10 sheep (Zot)
  Ijyb (Zot)
  A mottled dragon zombie (Zot)
  7 adders (Zot)
  A worker ant zombie (Zot)
  5 gnolls (Zot)
  10 green rats (Zot)
  2 orc skeletons (Zot)
  3 giant mites (Zot)
  2 shadow imps (Zot)
  3 sheep zombies (Zot)
  An iguana zombie (Zot)
  2 giant geckos (Zot)
  4 oozes (Zot)
  4 orcs (Zot)
  3 ball pythons (Zot)
  8 goblins (Zot)
  13 hobgoblins (Zot)
  5 jackals (Zot)
  14 kobolds (Zot)
  6 quokkas (Zot)
  10 bats (Zot)
  7 giant spores (Zot)
  A gnoll zombie (Zot)
  4 green rat zombies (Zot)
  2 kobold zombies (Zot)
  A quokka zombie (Zot)
  2 rats (Zot)
  35 fungi (Zot)
  14 plants (Zot)
450 creatures vanquished.

Vanquished Creatures (others)
  A death yak (Zot)
  An ice statue (Zot)
  A necromancer (Zot)
  12 oklob plants (Zot)
  An ugly thing skeleton (Zot)
  An orange crystal statue (Zot)
  23 burning bushes (Zot)
  A two-headed ogre (Zot)
  129 ice beasts (Zot)
  3 orc warriors (Zot)
  A boggart (Zot)
  2 centaurs (Zot)
  24 oklob saplings (Zot)
  A crimson imp (Zot)
  2 orc priests (Zot)
  A quasit (Zot)
  2 sheep (Zot)
  6 gnolls (Zot)
  A green rat (Zot)
  A sheep zombie (Zot)
  4 orcs (Zot)
  12 kobolds (Zot)
  A giant spore (Zot)
  A goblin (Zot)
  A green rat zombie (Zot)
  A jackal (Zot)
  2 rats (Zot)
  38 fungi (Zot)
  12 plants (Zot)
286 creatures vanquished.

Grand Total: 827 creatures vanquished

Notes
Turn   | Place    | Note
--------------------------------------------------------------
     0 | Zot      | FakerFangirl, the Naga Fire Elementalist, began the quest for the Orb.
     0 | Zot      | Reached XP level 1. HP: 15/15 MP: 3/3
   303 | Zot      | Reached XP level 2. HP: 22/22 MP: 0/4
   349 | Zot      | Learned a level 2 spell: Throw Flame
   472 | Zot      | Reached skill level 4 in Fire Magic
   472 | Zot      | Reached XP level 3. HP: 28/28 MP: 3/6
   477 | Zot      | Learned a level 3 spell: Conjure Flame
   483 | Zot      | Reached XP level 4. HP: 36/36 MP: 2/8
   500 | Zot      | Reached XP level 5. HP: 42/42 MP: 2/9
   600 | Zot      | Noticed Frocleid
   603 | Zot      | Reached skill level 5 in Fire Magic
   613 | Zot      | Killed Frocleid the spiny frog
   613 | Zot      | Reached skill level 7 in Fire Magic
   613 | Zot      | Reached XP level 6. HP: 49/49 MP: 0/13
   613 | Zot      | Reached XP level 7. HP: 55/55 MP: 0/15
   619 | Zot      | Learned a level 4 spell: Sticky Flame
   693 | Zot      | Became a worshipper of Sif Muna the Loreminder
   704 | Zot      | Killed Blork the orc
   800 | Zot      | Noticed Purgy
   803 | Zot      | Killed Purgy
   803 | Zot      | Reached XP level 8. HP: 62/62 MP: 11/18
   900 | Zot      | Noticed Pikel
   904 | Zot      | Killed Pikel
   904 | Zot      | Acquired Sif Muna's first power
   904 | Zot      | Acquired Sif Muna's second power
   904 | Zot      | Reached skill level 5 in Spellcasting
   904 | Zot      | Reached skill level 9 in Fire Magic
   904 | Zot      | Reached XP level 9. HP: 68/68 MP: 13/21
  1102 | Zot      | Noticed Ijyb
  1103 | Zot      | Killed Ijyb
  1300 | Zot      | Noticed Sigmund
  1302 | Zot      | Killed Sigmund
  1302 | Zot      | Reached skill level 10 in Fire Magic
  1310 | Zot      | Learned a level 5 spell: Fireball
  1493 | Zot      | Reached XP level 10. HP: 75/75 MP: 25/25
  1557 | Zot      | Acquired Sif Muna's third power
  1600 | Zot      | Reached skill level 11 in Fire Magic
  1672 | Zot      | Reached skill level 5 in Conjurations
  1693 | Zot      | Killed a hill giant
  1697 | Zot      | Killed a hill giant
  1762 | Zot      | Reached XP level 11. HP: 81/81 MP: 28/28
  1801 | Zot      | Noticed Donald
  1808 | Zot      | Killed Donald
  1808 | Zot      | Received a gift from Sif Muna
  1808 | Zot      | Reached skill level 10 in Spellcasting
  1808 | Zot      | Reached skill level 12 in Fire Magic
  1820 | Zot      | Identified Sif Muna's Disquisition on Congealing Attacks (Sif Muna gifted it to you in the Realm of Zot)
  1924 | Zot      | Noticed an ice dragon
  1930 | Zot      | Noticed a black draconian
  1931 | Zot      | Noticed a storm dragon
  2022 | Zot      | Learned a level 3 spell: Stone Arrow
  2037 | Zot      | Reached XP level 12. HP: 52/88 MP: 5/31
  2039 | Zot      | Received a gift from Sif Muna
  2040 | Zot      | Identified Sif Muna's Disquisition on Fire and Arcane Weapons (Sif Muna gifted it to you in the Realm of Zot)
  2049 | Zot      | Learned a level 7 spell: Delayed Fireball
  2144 | Zot      | Killed Prince Ribbit
  2486 | Zot      | Reached skill level 1 in Invocations
  2515 | Zot      | Reached skill level 13 in Fire Magic
  2595 | Zot      | Reached skill level 1 in Earth Magic
  2702 | Zot      | Noticed Nikola
  2729 | Zot      | Killed Nikola
  2729 | Zot      | Received a gift from Sif Muna
  2729 | Zot      | Reached XP level 13. HP: 94/94 MP: 1/32
  2730 | Zot      | Identified Jyleup's Grimoire of Mutagenic Heat (Sif Muna gifted it to you in the Realm of Zot)
  2870 | Zot      | Reached skill level 10 in Conjurations
  2932 | Zot      | Got an obsidian rune of Zot
  2935 | Zot      | Got a slimy rune of Zot
  2938 | Zot      | Got a magical rune of Zot
  2968 | Zot      | Noticed a brown very ugly thing
  2978 | Zot      | Noticed a white very ugly thing
  2982 | Zot      | Noticed a brown very ugly thing
  2982 | Zot      | Noticed a brown very ugly thing
  2983 | Zot      | Noticed a brown very ugly thing
  3002 | Zot      | Killed a cyan very ugly thing
  3002 | Zot      | Reached XP level 14. HP: 77/102 MP: 2/34
  3004 | Zot      | Noticed a cyan very ugly thing
  3006 | Zot      | Noticed a cyan very ugly thing
  3053 | Zot      | Received a gift from Sif Muna
  3054 | Zot      | Identified Sif Muna's Grimoire of the Rocks (Sif Muna gifted it to you in the Realm of Zot)
  3056 | Zot      | Reached skill level 10 in Invocations
  3086 | Zot      | Killed a cyan very ugly thing
  3101 | Zot      | Killed a brown very ugly thing
  3106 | Zot      | Killed a brown very ugly thing
  3108 | Zot      | Killed a cyan very ugly thing
  3108 | Zot      | Reached skill level 14 in Fire Magic
  3117 | Zot      | Killed a brown very ugly thing
  3120 | Zot      | Killed a green very ugly thing
  3158 | Zot      | Reached XP level 15. HP: 108/108 MP: 25/35
  3178 | Zot      | Learned a level 5 spell: Bolt of Magma
  3203 | Zot      | Received a gift from Sif Muna
  3204 | Zot      | Identified Lehudib's Volume of Arcane Weapons (Sif Muna gifted it to you in the Realm of Zot)
  3301 | Zot      | Noticed Polyphemus
  3321 | Zot      | Killed Polyphemus
  3355 | Zot      | Learned a level 5 spell: Force Lance
  3570 | Zot      | Received a gift from Sif Muna
  3590 | Zot      | Reached XP level 16. HP: 115/115 MP: 10/37
  3609 | Zot      | Noticed Saint Roka
  3619 | Zot      | Reached skill level 1 in Fighting
  3685 | Zot      | Killed from afar by Saint Roka

Action                   |  1- 3 |  4- 6 |  7- 9 | 10-12 | 13-15 | 16-18 || total
-------------------------+-------+-------+-------+-------+-------+-------++-------
Melee: Short sword       |       |     1 |       |       |       |       ||     1
       Long sword        |       |       |       |    14 |    11 |     4 ||    29
Throw: Stone             |       |       |       |       |     2 |       ||     2
       Tomahawk          |       |       |       |       |     1 |       ||     1
 Cast: Flame Tongue      |    10 |     5 |     3 |    46 |    43 |    11 ||   118
       Throw Flame       |       |     3 |    12 |    71 |    70 |     1 ||   157
       Fireball          |       |       |       |     5 |    13 |     4 ||    22
       Conjure Flame     |       |       |       |     4 |    10 |     5 ||    19
       Sticky Flame      |       |       |       |     2 |     3 |       ||     5
       Stone Arrow       |       |       |       |    18 |    27 |       ||    45
       Delayed Fireball  |       |       |       |       |     1 |       ||     1
       Bolt of Magma     |       |       |       |       |     1 |       ||     1
       Force Lance       |       |       |       |       |       |     4 ||     4
Invok: Channel Energy    |       |       |       |    72 |   105 |    12 ||   189
 Abil: Spit Poison       |     5 |     2 |     3 |     7 |    18 |       ||    35
       Make oklob saplin |     1 |     2 |     5 |    14 |    10 |     1 ||    33
       Make arrow trap   |       |       |     4 |     8 |     9 |     1 ||    22
       Make burning bush |       |       |     4 |     7 |    21 |     2 ||    34
       Make altar        |       |       |     1 |       |       |       ||     1
       Make net trap     |       |       |     4 |     9 |     8 |       ||    21
       Make spear trap   |       |       |       |    13 |     6 |       ||    19
       Make oklob plant  |       |       |       |     6 |    16 |     2 ||    24
       Make plant        |       |       |       |     5 |    32 |       ||    37
       Make ice statue   |       |       |       |     3 |     5 |     1 ||     9
       Make mushroom cir |       |       |       |     4 |     8 |     2 ||    14
       Make grenades     |       |       |       |       |     5 |       ||     5
       Make bolt trap    |       |       |       |       |     7 |       ||     7
       Make crystal stat |       |       |       |       |     2 |       ||     2
       Make needle trap  |       |       |       |       |    27 |       ||    27
       Release Delayed F |       |       |       |       |     1 |       ||     1
       Evoke Invisibilit |       |       |       |       |       |     1 ||     1
  Use: Potion            |       |       |       |     2 |     1 |     3 ||     6
       Scroll            |       |       |       |     1 |       |       ||     1
 Stab: Distracted        |       |     1 |       |       |     1 |       ||     2
